 Crawl Stoat Soup version 0.23-s2-327-gedf346cc44 (webtiles) character file.

174 Artagas the Insei (level 5, -1/36 HPs)
             Began as a Sludge Elf Transmuter on Dec 9, 2023.
             Was an Initiate of Nemelex Xobeh.
             Succumbed to an orc wizard's poison
             ... on level 3 of the Dungeon.
             The game lasted 00:12:14 (3714 turns).

Artagas the Insei (Sludge Elf Transmuter)           Turns: 3714, Time: 00:12:15

Health: -1/36      AC:  2    Str: 10    XL:     5   Next: 54%
Magic:  7/9        EV: 12    Int: 16    God:    Nemelex Xobeh [......]
Gold:   100        SH:  0    Dex: 14    Spells: 2/8 levels left

rFire    + . .     SeeInvis .     - Unarmed
rCold    + . .     Gourm    .   (no shield)
rNeg     . . .     Faith    .   b - +0 robe
rPois    +         Spirit   .   (no helmet)
rElec    +         Warding  .   (no cloak)
rCorr    +         Reflect  .   (no gloves)
MR       .....     Harm     .   (no boots)
Stlth    +.........             f - amulet of the acrobat
HPRegen  0.12/turn              (no ring)
MPRegen  0.11/turn              (no ring)

@: lethally poisoned (-1 -> -36), resistant, beastly appendage suppressed
A: no striking features
a: Renounce Religion


You were on level 3 of the Dungeon.
You worshipped Nemelex Xobeh.
Nemelex Xobeh was noncommittal.
You were not hungry.

You visited 1 branch of the dungeon, and saw 3 of its levels.

You collected 100 gold pieces.

Inventory:

Missiles
 a - 15 arrows
 i - 22 poisoned darts (quivered)
Armour
 b - a +0 robe (worn)
Jewellery
 c - a cursed ring of loudness {unknown}
   (You found it on level 1 of the Dungeon)
 f - an amulet of the acrobat (around neck)
   (You found it on level 1 of the Dungeon)
 k - a +3 ring of protection {unknown}
   (You found it on level 2 of the Dungeon)
Scrolls
 e - a scroll of magic mapping {unknown}
 j - 2 scrolls of enchant armour
 l - a scroll of blinking {unknown}
 m - a scroll of remove curse {unknown}
 p - a scroll of teleportation {unknown}
 r - 3 scrolls of identify
Potions
 n - a potion of resistance
Miscellaneous
 h - a plain deck of destruction
   (Nemelex Xobeh gifted it to you on level 2 of the Dungeon)
Comestibles
 d - 2 bread rations
 o - 10 chunks of flesh


   Skills:
 + Level 3.4 Fighting
 - Level 2.4 Dodging
 + Level 4.6 Unarmed Combat
 - Level 2.4 Spellcasting
 + Level 3.7 Transmutations
 - Level 2.0 Poison Magic


You had 2 spell levels left.
You knew the following spells:

 Your Spells              Type           Power        Failure   Level  Hunger
a - Beastly Appendage     Tmut           14/50        4%          1    #......
b - Spider Form           Tmut/Pois      11/200       19%         3    ###....
c - Sticks to Snakes      Tmut           14/100       6%          2    ###....

Your spell library contained the following spells:

 Spells                   Type           Power        Failure   Level  Hunger
 Ice Form                 Ice/Tmut       7/100        67%         4    #####..
 Blade Hands              Tmut           14/200       75%         5    ######.


Dungeon Overview and Level Annotations

Branches:
Dungeon (3/15)

Altars:
Ashenzari
Fedhas Ihp'ix
Nemelex Xobeh
Ru
Xom
Yredelemnul
The Shining One


Message History

Casting: Spider Form (safe; 21% risk of failure)
Confirm with . or Enter, or press ? or * to list all spells.
You turn into a venomous arachnid creature.
Your +0 robe melds into your body.
The bat misses you.
You hit the bat.
You kill the bat!
Your transformation is almost over.
Your transformation has ended.
Your +0 robe unmelds from your body.
Your magical contamination has completely faded away.
An orc comes into view. It is wielding a flail.
An orc is nearby!
An orc is nearby!
A giant cockroach and a kobold come into view.
The kobold shouts!
You hear a shout!
The kobold throws a stone.
The stone hits you but does no damage.
The giant cockroach moves out of view.
You see here a ring mail.
A ball python and an orc wizard come into view.
The orc wizard is wielding a dagger of venom.
The kobold throws a stone.
The stone hits you.
The orc wizard moves out of view.
You see here a stone.
You see here a ring mail.
An orc comes into view. It is wielding a short sword.
Casting: Spider Form (safe; 21% risk of failure)
Confirm with . or Enter, or press ? or * to list all spells.
You turn into a venomous arachnid creature.
Your +0 robe melds into your body.
You hit the kobold.
You kill the kobold!
The orc closely misses you.
Things that are here:
a dagger; a kobold corpse You barely miss the orc.
You bite the orc!
You kill the orc!
You bite the giant cockroach!
You kill the giant cockroach!
You hit the orc.
The orc is poisoned.
The orc is moderately wounded.
The orc misses you.
The orc wizard gestures wildly while chanting.
The orc wizard flickers and vanishes!
Deactivating autopickup; reactivate with Ctrl-A.
You barely miss the orc.
The orc is heavily wounded.
The orc completely misses you.
You hit the orc.
You kill the orc!
Your transformation is almost over.
You hear some strange, mumbled words.
Something tries to affect you, but you resist.
Something misses you.
Things that are here:
a short sword; a flail You barely miss something.
Something hits you.
You are poisoned.
You bite something!
You feel sick. Something closely misses you.
You closely miss something.
You feel sick. Something hits you.
You closely miss something.
You feel sick.
You hit something but do no damage.
You feel sick. Something hits you.
You are more poisoned.
You hit something.
You feel very sick.
Reactivating autopickup.
Training target 2.0 for Poison Magic reached!
Your Poison Magic skill increases to level 2!
You feel a bit more experienced.
There is a lethal amount of poison in your body!
There is a lethal amount of poison in your body!
There is a lethal amount of poison in your body!
You feel very sick.
Things that are here:
a dagger; a kobold corpse
Okay, then.
* * * LOW HITPOINT WARNING * * *
You feel very sick.
Casting: Spider Form (slightly dangerous; 38% risk of failure)
Confirm with . or Enter, or press ? or * to list all spells.
You will no longer grow a monstrous appendage in melee.
Your transformation has ended.
Your +0 robe unmelds from your body.
* * * LOW HITPOINT WARNING * * *
You feel very sick.
It was a potion of resistance.
You feel protected.
n - a potion of resistance;
l - a scroll labeled JOBBEMOBAA
* * * LOW HITPOINT WARNING * * *
You feel very sick.
Put on which piece of jewellery? (? for menu, Esc to quit)
Your injuries prevent the amulet from attuning itself.
f - an amulet of the acrobat (around neck)
* * * LOW HITPOINT WARNING * * *
You feel sick.
An orc wizard comes into view. It is wielding a dagger.
As you read the scroll labeled SATRACWIJIOB, it crumbles to dust.
It is a scroll of identify.
j - 2 scrolls of enchant armour;
r - 3 scrolls of identify You die...
Your body disappears without a glow.

#... ..........# #..#
########.##
#..##########)#
#.............#
#.####...#.......###
#.............####
##.###..##.##.# ###♣♣♣
♣ #..##.##.###.#P.♣.♣
#.###..##@##......PP.♣
#......##)##.#.....P♣♣
#.###.###)##.##..#P♣♣
#.....)##.#####♣♣
#.##..##..##.#
#.........##.####
#.##..##..o[....#### #
#..######(.......
#..........####..


You could see an orc wizard (wandering).

Vanquished Creatures
  Terence (D:2)
  An orc wizard (D:3)
  3 adders (D:2)
  A worm (D:2)
  2 dart slugs (D:1)
  A leopard gecko (D:2)
  5 orcs (D:3)
  A ball python (D:1)
  2 giant cockroaches
  7 goblins
  5 hobgoblins
  8 jackals
  10 kobolds
  3 weasels
  6 bats
  8 frilled lizards
  4 rats
68 creatures vanquished.

Vanquished Creatures (collateral kills)
  An adder (D:2)
  A worm (D:2)
  2 dart slugs (D:2)
  A goblin (D:2)
5 creatures vanquished.

Vanquished Creatures (others)
  A ball python (D:2)
1 creature vanquished.

Grand Total: 74 creatures vanquished

Notes
Turn   | Place    | Note
-------+----------+-------------------------------------------
     0 | D:1      | Artagas the Sludge Elf Transmuter began the quest for the
                  | Orb.
     0 | D:1      | Reached XP level 1. HP: 13/13 MP: 4/4
   239 | D:1      | Reached XP level 2. HP: 6/19 MP: 5/6
   243 | D:1      | Learned a level 2 spell: Sticks to Snakes
   860 | D:1      | Reached skill level 2 in Fighting
  1286 | D:1      | Reached XP level 3. HP: 24/25 MP: 6/7
  1319 | D:1      | Reached skill level 4 in Unarmed Combat
  1639 | D:2      | Found a shimmering altar of Xom.
  1640 | D:2      | Found a three-legged altar of Ihp'ix.
  1640 | D:2      | Found a shattered altar of Ashenzari.
  1640 | D:2      | Found a basalt altar of Yredelemnul.
  1641 | D:2      | Found a glowing golden altar of the Shining One.
  1641 | D:2      | Found a sacrificial altar of Ru.
  1641 | D:2      | Found a sparkling altar of Nemelex Xobeh.
  1641 | D:2      | Found a blossoming altar of Fedhas.
  1671 | D:2      | Became a worshipper of Nemelex Xobeh the Trickster
  1713 | D:2      | Received a gift from Nemelex Xobeh
  1755 | D:2      | Learned a level 3 spell: Spider Form
  2005 | D:2      | HP: 3/25 [poisoned by an adder]
  2094 | D:2      | Reached XP level 4. HP: 13/30 MP: 7/8
  2311 | D:2      | Reached skill level 3 in Transmutations
  2311 | D:2      | Reached skill level 1 in Poison Magic
  2690 | D:2      | Reached skill level 3 in Fighting
  3331 | D:3      | Noticed Terence
  3351 | D:2      | Killed Terence
  3351 | D:2      | Reached XP level 5. HP: 15/36 MP: 6/9
  3708 | D:3      | Reached skill level 2 in Poison Magic
  3711 | D:3      | HP: 5/36 [poisoned by an orc wizard]
  3712 | D:3      | HP: 2/36 [poisoned by an orc wizard]
  3714 | D:3      | Succumbed to an orc wizard's poison

Vault maps used:
D:1:      eino_arrival_druids_welcome
D:2:      minmay_recursive_quarters, grunt_temple_overflow_open
D:3:      lemuel_doored_altar, first_bread, nicolae_ru_awakened_eye,
          uniq_terence, uniq_crazy_yiuf_cottage

Skill      XL: |  1  2  3  4  5 |
---------------+----------------+-----
Fighting       | 2 3 |  3.4
Unarmed Combat | 4 |  4.6
Transmutations | 3 |  3.7
Poison Magic   | 1 2 |  2.0
Dodging        | |  2.4
Spellcasting   | |  2.4

Action                   |  1- 3 |  4- 6 || total
-------------------------+-------+-------++-------
Melee: Unarmed           |    90 |    86 ||   176
       Punch             |     3 |     2 ||     5
       Headbutt          |     2 |     4 ||     6
       Kick              |     4 |     7 ||    11
Throw: Dart              |     1 |     1 ||     2
 Cast: * Beastly Appenda |    23 |    12 ||    35
       Sticks to Snakes  |     4 |     4 ||     8
       Spider Form       |     1 |     6 ||     7
 Abil: End Transformatio |     1 |       ||     1
  Use: Potion            |     1 |     2 ||     3
       Scroll            |       |     1 ||     1
 Stab: Sleeping          |     2 |       ||     2
  Eat: Chunk             |     4 |     6 ||    10
Armor: Robe              |    12 |    11 ||    23
       Skin              |       |     1 ||     1
Dodge: Dodged            |    46 |    42 ||    88
* Casting counts for permanent charms are approximate representations of how often the player would have had to cast a non-permanent spell for the same benefits.

Table legend:
 A = Spawn XP
 B = Non-spawn XP
 C = Spawn XP percentage of total XP
 D = Spawn monster count
 E = Non-spawn monster count
 F = Spawn count percentage of total count
 G = Total turns spent on level
                    A         B        C        D         E        F      G
               +---------+---------+-------+---------+---------+-------+---------
         Total |      43 |     206 |  17.3 |      14 |      60 |  18.9 |  3714
               +---------+---------+-------+---------+---------+-------+---------
           D:1 |      15 |      30 |  33.3 |       6 |      19 |  24.0 |  1627
           D:2 |      28 |     114 |  19.7 |       8 |      28 |  22.2 |  1888
           D:3 |       0 |      62 |   0.0 |       0 |      13 |   0.0 |   199
               +---------+---------+-------+---------+---------+-------+---------

Vault maps used:
D:1:      eino_arrival_druids_welcome
D:2:      minmay_recursive_quarters, grunt_temple_overflow_open
D:3:      lemuel_doored_altar, first_bread, nicolae_ru_awakened_eye,
          uniq_terence, uniq_crazy_yiuf_cottage

Table legend:
 A = Turns spent in this place as a percentage of turns spent in the entire game.
 B = Non-inter-level travel turns spent in this place as a percentage of non-inter-level travel turns spent in the entire game.
 C = Inter-level travel turns spent in this place as a percentage of turns spent in this place.
 D = Turns resting spent in this place as a percentage of non-inter-level travel turns spent in this place.
 E = Turns spent auto-exploring this place as a percentage of non-inter-level travel turns spent in this place.
 F = Non-inter-level travel turns spent in this place divided by the number of levels of this place that you've seen.
                   A       B       C       D       E      F
               +-------+-------+-------+-------+-------+----------------------
         Total | 100.0 | 100.0 |   2.3 |  18.9 |  63.8 | 1209.0
       Dungeon | 100.0 | 100.0 |   2.3 |  18.9 |  63.8 | 1209.0
               +-------+-------+-------+-------+-------+----------------------

Table legend:
 A = Kills in this place as a percentage of kills in entire the game.
 B = Kills by you in this place as a percentage of kills by you in the entire game.
 C = Kills by friends in this place as a percentage of kills by friends in the entire game.
 D = Other kills in this place as a percentage of other kills in the entire game.
 E = Experience gained in this place as a percentage of experience gained in the entire game.
 F = Experience gained in this place divided by the number of levels of this place that you have seen.
                   A       B       C       D       E      F
               +-------+-------+-------+-------+-------+----------------------
         Total | 100.0 | 100.0 | 100.0 | 100.0 | 100.0 |  83.0
       Dungeon | 100.0 | 100.0 | 100.0 | 100.0 | 100.0 |  83.0
               +-------+-------+-------+-------+-------+----------------------
